 Dungeon Crawl Stone Soup version 0.17-a0-1701-gf693a3f (console) character file.

44 Monkaria the Scratcher (level 3, -6/17 HPs)
             Began as a Felid Chaos Knight on Aug 21, 2015.
             Mangled by a gnoll
             ... wielding a +0 spear
              (10 damage)
             ... on level 2 of the Dungeon.
             The game lasted 00:00:56 (847 turns).

Monkaria the Scratcher (Felid Chaos Knight)          Turns: 847, Time: 00:00:56

Health: -6/17      AC:  1    Str:  9    XL:     3   Next: 39%
Magic:  4/4        EV: 18    Int: 13    God:    Xom [..*...]
Gold:   28         SH:  0    Dex: 15    Spells: 0 memorised, 2 levels left
                                        Lives:  0   Deaths: 0

rFire  . . .     SeeInvis +       - Unarmed
rCold  . . .     Clarity  .     (armour unavailable)
rNeg   . . .     SustAt   .     (shield unavailable)
rPois  .         Gourm    .     (helmet unavailable)
rElec  .         Spirit   .     (cloak unavailable)
rCorr  .         Warding  .     (gloves unavailable)
rMut   .         Stasis   .     (boots unavailable)
MR     .....                    (no amulet)
Stlth  ++........               (no ring)
                                (no ring)

@: quick, not resistant to hostile enchantments, unstealthy
A: no armour, no weapons or thrown items, claws 1, fangs 3, see invisible,
carnivore 3, speed 1, shaggy fur 1, slow metabolism 1, sharp paws
a: Renounce Religion


You were on level 2 of the Dungeon.
You worshipped Xom.
You were a toy of Xom.
You were not hungry.

You visited 1 branch of the dungeon, and saw 2 of its levels.

You collected 28 gold pieces.

Inventory:

Magical devices
 j - a wand of random effects (3)
Scrolls
 d - a scroll of fog {unknown}
 e - 3 scrolls of identify {unknown}
 f - a scroll of magic mapping {unknown}
 h - a scroll of remove curse {unknown}
Potions
 c - a potion of ambrosia {unknown}
 g - a potion of might {unknown}
 i - a potion of invisibility {unknown}
Comestibles
 a - a meat ration
 b - a beef jerky


   Skills:
 - Level 3.0 Fighting
 - Level 3.2 Dodging
 + Level 4.4 Unarmed Combat


You had 2 spell levels left.
You didn't know any spells.

Dungeon Overview and Level Annotations

Branches:
Dungeon (2/15)

Altars:


Innate Abilities, Weirdness & Mutations

You cannot wear armour.
You are incapable of wielding weapons or throwing items.
You have sharp claws.
You have razor-sharp teeth.
You have supernaturally acute eyesight.
You are carnivorous and can eat meat at any time.
You cover ground quickly.
You are covered in fur (AC +1).
You have a slow metabolism.
Your sharp claws are effective at attacking unaware monsters.


Message History

Here: a gnoll The floor.
You claw the hobgoblin!
You kill the hobgoblin!
You barely miss the gnoll. You bite the gnoll.
The gnoll is lightly wounded.
Something closely misses your butterfly.
You claw the gnoll!
The gnoll is severely wounded.
The gnoll hits you. Something misses your butterfly.
You scratch the gnoll.
The gnoll is almost dead.
The gnoll barely misses you.
You closely miss the gnoll.
The gnoll is almost dead.
The gnoll hits you.
* * * LOW HITPOINT WARNING * * *
The gnoll hits you from afar with a spear!
Ouch! That really hurt!
You die...

##################
#............#...#
#######............#...#
#..................#...## ..
#......####..†.....'..... ...
#.$....##..........#.....
...##......g@..........###...
..........g##..........###...
.....?...b.##....#...........
...........##.........#......
........§......#....#........
.....##§#.####......#........
.... #§#'# #............<.#
..b...§§§...##........#.##...
.....##...............#......


You could see 2 gnolls.

Vanquished Creatures
  An adder (D:2)
  A gnoll (D:2)
  4 bats
  A giant cockroach (D:1)
  5 hobgoblins
  3 kobolds
  A ball python (D:1)
  2 giant newts
  5 goblins
  3 rats (D:1)
26 creatures vanquished.

Notes
Turn   | Place    | Note
--------------------------------------------------------------
     0 | D:1      | Monkaria the Felid Chaos Knight began the quest for the Orb.
     0 | D:1      | Reached XP level 1. HP: 10/10 MP: 2/2
   209 | D:1      | Reached XP level 2. HP: 9/14 MP: 3/3
   650 | D:2      | XOM: potion effect (might)
   654 | D:2      | Reached skill level 4 in Unarmed Combat
   674 | D:2      | Reached XP level 3. HP: 15/17 MP: 4/4
   833 | D:2      | XOM: butterfly on damage
   833 | D:2      | XOM: smoke on damage
   847 | D:2      | Mangled by a gnoll

Vault maps used:
D:1:      dpeg_arrival_tiny_a
D:2:      ecumenical_altar_2, minmay_misc_feat_ornament

Action                   || total
-------------------------++-------
Melee: Unarmed           ||    76
 Stab: Sleeping          ||     1
  Eat: Chunk             ||     1
